Map: Oxide LE

Players

HeroMarine - Winner!

  • Race: Terran Terran
  • League: Grandmaster
  • Spawn Location: 7:00

LiquidClem (Clem)

  • Race: Terran Terran
  • League: Grandmaster
  • Spawn Location: 1:00

Event: DreamHack SC2 Masters 2020 Winter

VOD

Have the link to the VOD?

Description

Time

  • Played on: Nov. 7, 2020, 2:45 p.m.
  • Length: 16:38

All games in this series

Show
View Real Time Build Order
Export as new Build Order

HeroMarine Terran - Winner!

Build Orders:  

Get SALT Encoding   

  12  0:00  SCV  
  13  0:12  SCV  
  14  0:17  Supply Depot  
  14  0:24  SCV  
  15  0:38  SCV  
  15  0:41  Barracks  
  16  0:44  Refinery  
  16  0:51  SCV  
  16  0:53  Refinery  
  17  1:03  SCV  
  18  1:15  SCV  
  19  1:28  Reaper, Orbital Command  
  20  1:34  Supply Depot  
  20  1:41  Factory  
  20  1:53  SCV  
  21  2:00  Reaper  
  22  2:05  SCV  
  23  2:17  Command Center  
  23  2:18  SCV  
  24  2:25  Hellion  
  26  2:30  SCV  
  26  2:33  Barracks Reactor  
  26  2:34  Supply Depot  
  27  2:42  SCV  
  28  2:46  Widow Mine  
  28  2:48  Starport  
  30  2:54  SCV  
  31  3:06  SCV  
  31  3:08  Marine, Factory Tech Lab  
  31  3:09  Marine  
  34  3:18  SCV  
  35  3:26  Cyclone, Starport Tech Lab  
  38  3:29  Orbital Command  
  38  3:30  SCV, Marine  
  38  3:31  Marine  
  41  3:39  Refinery  
  41  3:42  SCV  
  41  3:48  Marine  
  43  3:49  Marine  
  43  3:51  Raven  
  43  3:54  SCV x2  
  48  3:58  Supply Depot  
  48  4:06  SCV x2  
  50  4:10  Siege Tank  
  53  4:18  SCV  
  53  4:20  SCV, Marine x2  
  57  4:25  Supply Depot  
  57  4:31  SCV  
  58  4:32  SCV  
  58  4:33  Command Center  
  58  4:36  Raven  
  61  4:39  Marine  
  62  4:46  SCV x2, Marine  
  62  4:47  Supply Depot  
  62  4:51  Siege Tank  
  67  4:58  SCV x2  
  68  5:00  Marine  
  68  5:04  Marine  
  69  5:10  SCV  
  70  5:15  Refinery  
  70  5:16  Supply Depot  
  70  5:18  SCV  
  71  5:23  SCV, Siege Tank  
  75  5:30  Viking, SCV  
  78  5:38  Viking, SCV  
  78  5:42  SCV  
  81  5:48  Orbital Command  
  81  5:51  SCV  
  81  5:54  SCV  
  82  6:00  Viking  
  82  6:03  SCV  
  85  6:05  Siege Tank  
  85  6:06  SCV  
  85  6:08  Viking  
  85  6:10  Barracks  
  85  6:11  Barracks  
  91  6:16  SCV x2  
  88  6:18  SCV  
  88  6:23  Stimpack, Marine  
  86  6:28  SCV  
  86  6:30  Viking  
  88  6:35  Orbital Command  
  88  6:36  SCV  
  88  6:38  Viking  
  88  6:40  SCV, Engineering Bay x2  
  88  6:44  Marine, Siege Tank  
  93  6:48  SCV  
  93  6:51  Supply Depot  
  93  6:52  SCV  
  95  7:00  SCV  
  96  7:02  SCV  
  96  7:04  SCV  
  96  7:05  Barracks Reactor x2  
  96  7:08  Marine  
  99  7:09  Viking  
  99  7:13  Viking  
  103  7:15  SCV  
  103  7:16  SCV, Siege Tank  
  99  7:25  Marine  
  99  7:27  SCV  
  99  7:28  SCV  
  92  7:33  Bunker  
  92  7:35  SCV  
  91  7:39  SCV  
  91  7:40  SCV, Viking  
  91  7:43  Viking, Marine  
  96  7:46  Terran Infantry Weapons Level 1  
  96  7:48  Siege Tank  
  96  7:49  SCV  
  96  7:50  Refinery x2  
  100  7:51  SCV  
  100  7:52  SCV  
  100  7:54  Marine x4  
  100  7:56  Terran Infantry Armor Level 1  
  106  8:01  Supply Depot, Marine  
  107  8:12  Marine x4  
  113  8:13  Supply Depot, Combat Shield  
  113  8:19  Medivac, Barracks  
  113  8:20  Barracks  
  113  8:21  Medivac  
  113  8:26  Supply Depot  
  113  8:27  Sensor Tower  
  115  8:30  Marine  
  115  8:31  Marine x2  
  115  8:32  Siege Tank  
  121  8:35  Marine x2  
  121  8:48  Marine x2  
  121  8:49  Marine  
  121  8:53  Marine x2  
  114  8:55  Medivac x2  
  117  9:04  Command Center, Siege Tank  
  117  9:06  Marine x3  
  123  9:11  Marine x2  
  123  9:15  Barracks Reactor  
  125  9:20  Barracks Reactor  
  125  9:22  Barracks  
  125  9:23  Barracks  
  124  9:24  Marine x3  
  124  9:27  SCV x3  
  124  9:28  Armory, Barracks Reactor, Marine  
  124  9:29  Marine  
  132  9:34  Missile Turret  
  132  9:35  Missile Turret  
  132  9:36  Siege Tank  
  135  9:40  Factory  
  135  9:42  Marine x3  
  138  9:46  Marine  
  138  9:52  Medivac  
  141  9:57  Supply Depot x2  
  141  9:58  Supply Depot x2  
  141  10:02  Barracks Reactor  
  141  10:05  Marine  
  141  10:12  Marine  
  141  10:14  Marine x2  
  141  10:15  Marine x2  
  141  10:16  Barracks Reactor, Medivac, Marine x2, Siege Tank  
  141  10:18  SCV x3  
  152  10:23  Barracks Reactor, Marine  
  152  10:27  Missile Turret  
  153  10:30  SCV x3, Marine  
  153  10:32  Marine x2  
  153  10:34  Terran Infantry Armor Level 2, Terran Infantry Weapons Level 2  
  159  10:35  Terran Vehicle Weapons Level 1, Marine  
  159  10:36  Marine x2  
  159  10:40  Medivac  
  159  10:42  SCV  
  162  10:43  Siege Tank  
  162  10:44  Refinery  
  162  10:47  SCV  
  162  10:48  Siege Tank  
  167  10:51  SCV, Marine x2  
  167  10:54  SCV, Marine  
  167  10:55  Marine x2, Sensor Tower  
  167  10:56  Marine x3  
  167  10:57  Planetary Fortress, Marine  
  176  11:00  Marine x2  
  176  11:03  Marine  
  178  11:14  Refinery, Marine x2  
  178  11:15  Marine x2, Siege Tank  
  185  11:19  Marine  
  185  11:20  Marine  
  185  11:25  Marine  
  188  11:32  Supply Depot, Marine  
  189  11:44  Starport  
  189  11:45  Starport  
  189  11:47  Marine x10  
  179  11:51  Liberator x2  
  187  12:02  Marine x2  
  187  12:06  Marine x2  
  185  12:16  Marine x5  
  185  12:20  Armory  
  185  12:21  Fusion Core  
  185  12:22  Marine  
  191  12:25  Starport Reactor x2  
  188  12:38  Viking x2  
  188  12:47  Terran Vehicle Weapons Level 2  
  188  12:49  Marine x2  
  188  12:50  Marine x4  
  188  12:51  Marine  
  164  12:52  Siege Tank x2  
  164  12:54  Marine x2  
  164  12:55  Marine  
  164  12:56  Terran Infantry Weapons Level 3, Terran Infantry Armor Level 3  
  169  13:00  Marine x2  
  169  13:01  Marine x2  
  169  13:02  Viking x3  
  179  13:07  Marine x2, Liberator  
  179  13:08  Marine x2, Liberator  
  187  13:18  Terran Ship Weapons Level 1, Advanced Ballistics  
  187  13:22  Marine x2  
  187  13:26  Siege Tank  
  189  13:27  Viking  
  189  13:29  Marine x4  
  189  13:31  Marine x3  
  189  13:32  Viking  
  200  13:51  Liberator  
  200  14:03  Command Center  
  200  14:17  Missile Turret  
  200  14:29  Viking  
  195  14:31  Siege Tank x2  
  195  14:32  Marine x4  
  200  14:41  Medivac  
  191  14:55  Marine  
  191  14:56  Marine x8  
  180  15:01  Viking x3  
  180  15:03  Siege Tank x2  
  180  15:04  Marine  
  180  15:05  Marine x4  
  180  15:06  Viking, Liberator  
  197  15:11  Viking  
  197  15:13  Marine  
  200  15:16  Marine x2  
  191  15:28  Marine  
  191  15:29  Marine x8  
  200  15:35  Viking  
  182  15:46  Viking x2  
  182  15:49  Viking x2  
  177  15:55  Viking  
  145  16:01  Marine  
  145  16:02  Marine x13  
  152  16:05  Viking  
  161  16:19  Marine  
Show
View Real Time Build Order
Export as new Build Order

LiquidClem Terran 

Build Orders:  

Get SALT Encoding   

  12  0:00  SCV  
  13  0:12  SCV  
  14  0:17  Supply Depot  
  14  0:24  SCV  
  15  0:38  SCV  
  15  0:40  Barracks  
  16  0:43  Refinery  
  16  0:50  SCV  
  16  0:52  Refinery  
  17  1:02  SCV  
  18  1:15  SCV  
  19  1:26  Reaper  
  19  1:27  Orbital Command  
  19  1:29  Supply Depot  
  20  1:40  Factory  
  20  1:52  SCV  
  21  1:58  Reaper  
  22  2:04  SCV  
  23  2:16  SCV  
  24  2:23  Command Center  
  24  2:25  Hellion  
  24  2:29  SCV  
  27  2:31  Barracks Reactor  
  27  2:37  Starport  
  27  2:41  SCV  
  28  2:44  Supply Depot  
  28  2:48  Widow Mine  
  30  2:53  SCV  
  31  3:06  SCV  
  31  3:07  Marine x2  
  31  3:09  Factory Tech Lab  
  34  3:13  Starport Tech Lab  
  34  3:18  SCV  
  35  3:23  Refinery  
  35  3:25  Marine x2  
  38  3:34  Cyclone, Banshee  
  38  3:40  Orbital Command  
  43  3:42  SCV  
  44  3:51  Marine x2  
  44  3:55  SCV  
  47  3:57  Supply Depot  
  47  4:06  SCV, Siege Tank  
  47  4:07  SCV  
  52  4:14  Supply Depot  
  52  4:17  Raven  
  52  4:18  SCV  
  52  4:19  SCV  
  52  4:24  Marine x2  
  57  4:30  SCV  
  59  4:31  SCV  
  59  4:32  Supply Depot  
  60  4:38  Siege Tank  
  60  4:42  SCV  
  60  4:43  SCV  
  65  4:54  SCV  
  65  4:55  SCV  
  67  5:00  Command Center  
  67  5:02  Raven  
  67  5:07  SCV  
  70  5:09  Supply Depot, Marine x2  
  70  5:13  Siege Tank  
  75  5:15  SCV  
  75  5:20  SCV  
  77  5:25  Refinery  
  77  5:26  Marine  
  78  5:30  Supply Depot  
  78  5:31  SCV, Marine  
  78  5:32  SCV  
  81  5:46  Raven  
  81  5:49  Siege Tank  
  86  5:50  Barracks  
  86  5:51  Supply Depot, Barracks  
  86  5:52  SCV  
  86  5:53  Marine  
  89  5:57  SCV  
  86  6:04  SCV  
  86  6:05  Barracks  
  86  6:07  Barracks  
  85  6:12  SCV  
  85  6:13  Engineering Bay x2  
  85  6:16  Marine x2  
  85  6:18  SCV  
  86  6:22  Siege Tank  
  86  6:23  SCV  
  81  6:34  SCV  
  77  6:40  Barracks Reactor  
  77  6:41  Barracks Tech Lab  
  77  6:42  Orbital Command  
  77  6:44  Viking x2  
  81  6:48  SCV x2  
  83  6:56  Barracks Reactor x2  
  83  6:58  Siege Tank  
  83  7:00  SCV  
  87  7:02  Marine x2  
  88  7:19  Marine  
  88  7:20  Marine  
  83  7:23  Marine  
  83  7:24  Viking, Marine  
  83  7:25  SCV x3  
  86  7:30  Siege Tank  
  86  7:31  Marine  
  85  7:37  SCV x2  
  85  7:39  Orbital Command  
  85  7:41  Barracks Tech Lab  
  85  7:42  Barracks Reactor, Marine x2  
  89  7:44  Marine  
  89  7:48  Terran Infantry Weapons Level 1, Terran Infantry Armor Level 1  
  89  7:49  SCV  
  89  7:50  Supply Depot, Marine  
  90  7:51  Marine x2  
  90  7:57  Starport Reactor  
  92  7:59  Stimpack  
  92  8:03  Siege Tank  
  95  8:07  Marine x3  
  95  8:08  Marine  
  95  8:09  Marine  
  95  8:10  Marine  
  95  8:11  Marine  
  102  8:14  SCV x2  
  102  8:17  Supply Depot  
  102  8:18  SCV, Marine  
  106  8:20  Marine  
  106  8:25  Marine  
  106  8:27  Supply Depot  
  108  8:28  SCV x2  
  108  8:30  SCV, Marine x3  
  108  8:31  Marine  
  108  8:32  Marine  
  108  8:33  Marine  
  117  8:36  Marine  
  117  8:38  Marine  
  119  8:42  Marine  
  119  8:47  Marine  
  119  8:48  Marine x2  
  116  8:49  Marine  
  116  8:50  Marine  
  116  8:53  Marine  
  116  8:54  Marine  
  111  8:55  Medivac x2  
  111  8:56  Marine, Siege Tank  
  111  9:00  Refinery, Marine  
  111  9:02  Refinery  
  120  9:05  Supply Depot, Marine  
  120  9:07  Armory  
  120  9:08  SCV  
  120  9:09  SCV  
  120  9:11  SCV  
  120  9:12  Marine x4  
  120  9:13  Marine  
  120  9:16  Marine  
  127  9:17  Marine  
  127  9:21  SCV x2  
  130  9:25  Medivac x2  
  130  9:27  Supply Depot  
  130  9:28  Marine  
  130  9:29  Marine  
  130  9:30  Marine  
  137  9:31  Marine  
  137  9:34  Marine x2  
  140  9:38  SCV x2  
  140  9:39  Combat Shield  
  140  9:40  Supply Depot  
  140  9:43  Marine, Siege Tank  
  145  9:46  Marine  
  145  9:50  SCV, Marine x4  
  151  9:54  Marine  
  151  9:58  Terran Infantry Weapons Level 2  
  152  10:00  Sensor Tower  
  152  10:02  Terran Infantry Armor Level 2  
  152  10:09  Medivac  
  152  10:10  Medivac  
  156  10:18  Marine  
  156  10:19  Marine x2  
  156  10:21  Marine  
  159  10:22  Marine x2  
  159  10:23  Marine  
  159  10:25  Command Center, Siege Tank  
  165  10:29  Supply Depot  
  165  10:32  Terran Vehicle Weapons Level 1  
  165  10:33  Marine  
  165  10:38  Marine x2  
  165  10:39  Factory  
  165  10:40  Marine  
  165  10:41  Supply Depot, Marine  
  166  10:49  Medivac x2  
  162  10:50  Marine  
  162  10:54  Marine  
  162  10:55  Marine x3  
  162  10:56  Marine x2  
  166  10:58  Supply Depot, Marine x2  
  168  11:08  Marine  
  168  11:09  Supply Depot  
  168  11:12  Marine  
  168  11:13  Marine x2, Siege Tank  
  168  11:14  Marine  
  176  11:19  Medivac, Marine x3  
  180  11:28  Marine  
  180  11:30  Marine x2  
  183  11:32  Marine  
  183  11:33  Starport  
  183  11:35  Starport  
  183  11:37  Siege Tank  
  187  11:41  Barracks Reactor  
  187  11:46  Marine x2  
  186  11:47  Marine x2, Siege Tank  
  186  11:48  Sensor Tower  
  191  11:57  Marine  
  191  11:58  Marine  
  191  12:00  Marine  
  181  12:03  Viking  
  181  12:07  Viking  
  185  12:09  Siege Tank  
  185  12:13  Marine x2  
  184  12:17  Planetary Fortress  
  184  12:19  Marine x4, Siege Tank  
  184  12:22  Viking x2  
  195  12:28  Terran Infantry Weapons Level 3  
  195  12:30  Marine  
  195  12:31  Marine x2  
  195  12:34  Marine  
  195  12:36  Viking  
  192  12:39  Viking  
  193  12:50  Marine x2, Siege Tank  
  168  12:51  Marine x2  
  168  12:52  Viking, Marine x4  
  168  12:56  Siege Tank  
  175  13:00  Viking  
  176  13:06  Viking  
  176  13:11  Viking  
  176  13:12  Marine x3  
  177  13:22  Viking, Siege Tank  
  173  13:30  Viking, Marine  
  173  13:31  Marine x2  
  178  13:36  Viking  
  178  13:40  Siege Tank  
  183  13:41  Viking  
  183  13:45  Command Center  
  179  13:52  Viking  
  179  13:54  Marine x3  
  179  13:55  Marine x5  
  185  13:59  Marine  
  185  14:00  Viking  
  189  14:06  Viking  
  191  14:10  SCV x2, Command Center, Refinery  
  192  14:18  Siege Tank  
  193  14:26  Marine  
  189  14:31  Viking x2  
  189  14:32  Viking  
  189  14:36  Viking  
  193  14:45  Siege Tank  
  195  14:47  Marine  
  195  14:48  Marine x2  
  192  14:53  Command Center  
  192  14:54  Siege Tank  
  192  14:56  Marine x2  
  192  14:59  Marine  
  173  15:01  Viking  
  173  15:04  Viking  
  173  15:06  Marine  
  167  15:13  Marine x2  
  169  15:16  Marine x5  
  169  15:17  Marine, Siege Tank  
  169  15:20  Marine  
  173  15:24  Marine  
  173  15:26  Siege Tank  
  175  15:34  Marine  
  175  15:35  Marine x2  
  175  15:42  Marine x3  
  145  15:43  Marine  
  145  15:49  Marine x3, Siege Tank  
  141  15:52  Marine x2  
  141  15:53  Marine  
  108  15:57  Orbital Command  
  108  15:58  Siege Tank  
  108  16:00  Marine x3  
  110  16:06  SCV x2  
  110  16:08  SCV  
  113  16:15  Marine  
  113  16:16  Marine  
  113  16:18  SCV  
Tags
 
Add a new tag
Caveats
  • Supply blocks, unpowered buildings, or Contaminate may cause inaccurate times.
  • Supply counts are checked every 10 seconds.